 Dungeon Crawl Stone Soup version 0.29.1-15-g9cfb28693d (webtiles) character file.

Game seed: 2732070274220730089

288 QwertyIsDirtey the Slasher (level 6, -12/36 (49) HPs)
             Began as a Barachi Berserker on Mar 24, 2023.
             Was a Priest of Trog.
             Mangled by an ogre
             ... wielding a +0 giant spiked club
              (30 damage)
             ... on level 5 of the Dungeon.
             The game lasted 00:20:02 (3827 turns).

QwertyIsDirtey the Slasher (Barachi Berserker)      Turns: 3827, Time: 00:20:03

HP:   -12/36 (49)   AC:  9    Str: 24    XL:     6   Next: 31%
MP:   6/6           EV:  9    Int:  8    God:    Trog [***...]
Gold: 175           SH:  5    Dex: 11    Spells: 5/5 levels left

rFire   + . .      SeeInvis +   t - +4 hand axe "Zonyaji" {spect, Drain Will+ Str+4 SInv}
rCold   . . .      Faith    .   (no shield)
rNeg    . . .      Spirit   .   d - +0 chain mail
rPois   .          Reflect  +   (no helmet)
rElec   .          Harm     .   (no cloak)
rCorr   .          Rampage  .   (no gloves)
Will    +....                   (no boots)
Stlth   ..........              i - amulet of reflection
HPRegen 0.12/turn               s - ring of protection from fire
MPRegen 0.10/turn               (no ring)

@: very heavily drained, slow
A: amphibious, slowness 1, strong legs 1, +LOS
a: Hop, Renounce Religion, Berserk, Trog's Hand


You were on level 5 of the Dungeon.
You worshipped Trog.
Trog was most pleased with you.
You visited 1 branch of the dungeon, and saw 5 of its levels.

You collected 175 gold pieces.

Inventory:

Hand Weapons
 k - a +2 trident of protection
 t - the +4 hand axe "Zonyaji" (weapon) {spect, Drain Will+ Str+4 SInv}
   (You found it on level 4 of the Dungeon)

   When its wielder attacks, the weapon's spirit leaps out and strikes again.
   The spirit shares a part of any damage it takes with its wielder.
   Str:       It affects your strength (+4).
   SInv:      It lets you see invisible.
   Drain:     It drains your maximum health when unequipped.
   Will:      It increases your willpower.
Missiles
 a - 2 poisoned darts
Armour
 d - a +0 chain mail (worn)
Jewellery
 i - an amulet of reflection (around neck)
 s - a ring of protection from fire (left hand)
Wands
 u - a wand of flame (21)
Scrolls
 b - 7 scrolls of identify {unknown}
 c - a scroll of acquirement {unknown}
 e - a scroll of noise {unknown}
 g - a scroll of amnesia {unknown}
 j - a scroll of immolation {unknown}
 l - a scroll of poison {unknown}
 w - 3 scrolls of magic mapping {unknown}
Potions
 f - 3 potions of might {unknown}
 h - a potion of heal wounds {unknown}
 m - a potion of degeneration {unknown}
 n - a potion of cancellation {unknown}
 o - a potion of lignification {unknown}
 p - a potion of resistance {unknown}
 q - a potion of mutation {unknown}
 r - a potion of curing {unknown}
 v - 2 potions of flight {unknown}


   Skills:
 + Level 4.5 Fighting
 + Level 4.5 Long Blades
 + Level 3.4 Polearms
 + Level 3.8 Armour
 + Level 2.7 Dodging
 + Level 1.0 Stealth
 + Level 1.6 Shields


You had 5 spell levels left.
You didn't know any spells.
Your spell library was empty.

Dungeon Overview and Level Annotations

Branches:
Dungeon (5/15)             Temple (0/1) D:5

Altars:
Ashenzari
Makhleb
Uskayaw

Shops:
D:1 :=([


Innate Abilities, Weirdness & Mutations

You are amphibious.
You cover ground slowly.
You can hop short distances.
You have an extended range of vision and can be seen from far away.


Message History

t - the +4 hand axe "Zonyaji" (weapon)
{spect, Drain Will+ Str+4 SInv} Unknown command.
There is a stone staircase leading down here.
You climb downwards.
Found 3 scrolls labelled CANYSU FINE.
There is a stone staircase leading up here.
w - 3 scrolls labelled CANYSU FINE
Found a long sword.
Found an escape hatch in the floor.
You see here a +0 long sword.
There is an escape hatch in the floor here.
A necrophage comes into view.
Found 13 gold pieces.
Found 2 viscous silvery potions.
Found a staircase to the Ecumenical Temple.
An ogre comes into view. It is wielding a +0 giant spiked club.
The necrophage closely misses you.
The ogre shouts!
The necrophage misses you. The necrophage hits you. The necrophage hits you.
You feel drained.
The necrophage hits you but does no damage.
You closely miss the necrophage.
Your +4 hand axe "Zonyaji" {spect, Drain Will+ Str+4 SInv} hits the necrophage!
The necrophage hits you.
You feel drained.
You hit the necrophage.
The necrophage is severely damaged.
Your +4 hand axe "Zonyaji" {spect, Drain Will+ Str+4 SInv} hits the necrophage!
You destroy the necrophage!
Trog accepts your kill.
Your Stealth skill increases to level 1!
You hit the ogre but do no damage.
Your +4 hand axe "Zonyaji" {spect, Drain Will+ Str+4 SInv} hits the ogre.
The ogre closely misses you.
You hit the ogre.
The ogre is heavily wounded.
Your +4 hand axe "Zonyaji" {spect, Drain Will+ Str+4 SInv} hits the ogre!
The ogre hits you with a +0 giant spiked club!!
Ouch! That really hurt!
You die...

##. .. >.. .!..#
#.. O# .. #.....
#$.# ..##.##..##..
#...# ..#.#..##..#
#.#..##.....##..#
#.##..#.....#..# #
#.# #.O.......# #
#(####...##...## #
#@O............# #
#######.#.#...####
#.#.........
#.####..####
#.......#
######.## #.# #.#
#.#


You could see an ogre and a friendly +4 hand axe "Zonyaji" {spect, Drain Will+
Str+4 SInv} (summoned).

Vanquished Creatures
  Blork the orc (D:4)
  A necrophage (D:5)
  Jessica (D:3)
  An iguana (D:4)
  4 adders
  2 worms
  3 orcs
  7 ball pythons
  5 endoplasms
  7 giant cockroaches
  5 goblins
  6 hobgoblins
  3 jackals (D:3)
  3 quokkas
  4 bats
  5 frilled lizards
  4 kobolds
  5 rats
67 creatures vanquished.

Vanquished Creatures (others)
  A fungus (D:1)
1 creature vanquished.

Grand Total: 68 creatures vanquished

Notes
Turn   | Place    | Note
-------+----------+-------------------------------------------
     0 | D:1      | QwertyIsDirtey the Barachi Berserker began the quest for
                  | the Orb.
     0 | D:1      | Reached XP level 1. HP: 18/18 MP: 1/1
    57 | D:1      | Found Ypsi's Armour Shop.
   145 | D:1      | Reached XP level 2. HP: 15/25 MP: 2/2
   346 | D:1      | Found Onwut's Antique Weapon Shop.
   350 | D:1      | Found Kudit's Jewellery Shoppe.
   505 | D:1      | Found Qyisohas's Book Shoppe.
  1142 | D:2      | Reached XP level 3. HP: 17/30 MP: 3/3
  1177 | D:2      | Reached ** piety under Trog
  1693 | D:2      | Reached skill level 1 in Polearms
  1951 | D:3      | Noticed Jessica
  1991 | D:3      | Killed Jessica
  1992 | D:3      | Reached XP level 4. HP: 7/37 MP: 4/4
  2002 | D:3      | Found a broken altar of Ashenzari.
  2755 | D:3      | Reached skill level 1 in Shields
  2885 | D:4      | Reached XP level 5. HP: 42/42 MP: 5/5
  2953 | D:4      | Found a burning altar of Makhleb.
  3133 | D:4      | Identified the +4 hand axe "Zonyaji" {spect, Drain Will+
                  | Str+4 SInv}
  3168 | D:4      | Noticed Blork the orc
  3179 | D:4      | Killed Blork the orc
  3179 | D:4      | Reached *** piety under Trog
  3243 | D:4      | Found a hide-covered altar of Uskayaw.
  3333 | D:4      | Reached XP level 6. HP: 49/49 MP: 6/6
  3740 | D:5      | Entered Level 5 of the Dungeon
  3814 | D:5      | Found a staircase to the Ecumenical Temple.
  3826 | D:5      | Reached skill level 1 in Stealth
  3827 | D:5      | Mangled by an ogre

Illustrated notes

Levels and vault maps discovered:
D:1:      dpeg_arrival_prison, layout_loops_corners,
          chequers_ecumenical_altar_twisty, serial_shops,
          nicolae_shop_window_shopping, shop, shop, shop, shop_fountains
D:2:      layout_basic
D:3:      layout_basic, cheibrodos_ashenzari_chains, minmay_distorted,
          uniq_jessica
D:4:      layout_loops_ring, kennysheep_little_box, mainiacjoe_overflow_paths,
          uniq_blork_the_orc
D:5:      layout_loops_corners, mainiacjoe_overflow_alcove_2,
          minmay_temple_entry_waves, minmay_misc_feat_x

Skill      XL: |  1  2  3  4  5  6 |
---------------+-------------------+-----
Long Blades    | 4 |  4.5
Fighting       | 4 |  4.5
Polearms       | 1 2 3 |  3.4
Armour         | 3 |  3.8
Shields        | 1 |  1.6
Stealth        | 1 |  1.0
Dodging        | |  2.7

Action                   |  1- 3 |  4- 6 || total
-------------------------+-------+-------++-------
Melee: Falchion          |    55 |       ||    55
       Punch             |     1 |       ||     1
       Trident           |    51 |    78 ||   129
       Hand axe          |       |     4 ||     4
 Abil: Hop               |       |     1 ||     1
Armor: Ring mail         |    14 |       ||    14
       Animal skin       |     2 |       ||     2
       Chain mail        |   113 |   100 ||   213
Dodge: Dodged            |   100 |    69 ||   169
Block: Other             |    19 |    45 ||    64
